 Dungeon Crawl Stone Soup version 0.31-a0-626-g8143ab4f1d (webtiles) character file.

Game seed: 7485650074292540961

11423 GloriousHammer the Slicer (level 11, -10/58 HPs)
             Began as a Vine Stalker Brigand on Aug 23, 2023.
             Was the Champion of Uskayaw.
             Mangled by a three-headed hydra simulacrum (15 damage)
             ... in an ice cave on Aug 24, 2023.
             The game lasted 00:35:07 (11201 turns).

GloriousHammer the Slicer (Vine Stalker Brigand)   Turns: 11201, Time: 00:35:08

Health: -10/58     AC: 13    Str: 14    XL:     11   Next: 77%
Magic:  0/16       EV: 18    Int: 11    God:    Uskayaw [******]
Gold:   143        SH: 11    Dex: 20    Spells: 10/10 levels left

rFire   + . .        a - +7 dagger (speed)
rCold   . . .        B - +0 kite shield
rNeg    . . .        Y - +0 acid dragon scales
rPois   .            l - +0 helmet
rElec   .            c - +0 cloak
rCorr   +            R - +0 pair of gloves
SInv    +            O - +2 pair of boots {Stlth+}
Will    ++...        u - amulet of faith
Stlth   ++++         T - ring "Egasoqil" {rF+ Will+ SInv}
HPRegen 1.09/turn    E - +5 ring of evasion
MPRegen 0.15/turn

%: guardian spirit, faith
@: no status effects
A: fangs 3, regeneration 1, magic shield, antimagic bite, no potion heal 2
a: Renounce Religion, Stomp, Line Pass, Grand Finale


You were in an ice cave.
You worshipped Uskayaw.
Uskayaw was noncommittal.
You visited 2 branches of the dungeon, and saw 12 of its levels.
You also visited: Ice Cave.

You collected 626 gold pieces.
You spent 483 gold pieces at shops.

Inventory:

Hand Weapons
 a - a +7 dagger of speed (weapon)
 b - the +3 sling "Judiah" {flame, Will- rCorr Str+9 Dex+2}
   (You found it on level 3 of the Dungeon)

   Str+9:     It affects your strength (+9).
   Dex+2:     It affects your dexterity (+2).
   Will-:     It decreases your willpower.
   rCorr:     It protects you from acid and corrosion.
Missiles
 d - 24 poisoned darts
 e - 2 curare-tipped darts
 w - 2 throwing nets
 X - 11 boomerangs
Armour
 c - a +0 cloak (worn)
 l - a +0 helmet (worn)
 m - a +0 chain mail
 B - a +0 kite shield (worn)
 O - a +2 pair of boots of stealth (worn)
 R - a +0 pair of gloves (worn)
 Y - +0 acid dragon scales (worn)
Jewellery
 u - an amulet of faith (around neck)
 E - a +5 ring of evasion (right hand)
 L - a ring of flight
 T - the ring "Egasoqil" (left hand) {rF+ Will+ SInv}
   (You found it on level 9 of the Dungeon)

   [ring of willpower]

   rF+:       It protects you from fire.
   Will+:     It increases your willpower.
   SInv:      It lets you see invisible.
Wands
 D - a wand of mindburst (10) (quivered)
 H - a wand of polymorph (6)
 J - a wand of quicksilver (9)
 N - a wand of iceblast (21)
 S - a wand of flame (25)
Scrolls
 i - 2 scrolls of brand weapon {unknown}
 j - 2 scrolls of immolation
 k - 4 scrolls of fog
 n - a scroll of teleportation
 q - 2 scrolls of poison {unknown}
 r - 4 scrolls of enchant armour
 y - 2 scrolls of summoning
 C - 2 scrolls of revelation
 M - 3 scrolls of fear
 P - a scroll of amnesia
Potions
 f - 8 potions of curing
 h - 2 potions of haste {unknown}
 o - 4 potions of attraction {unknown}
 p - 2 potions of heal wounds {unknown}
 v - 3 potions of enlightenment {unknown}
 x - 2 potions of invisibility {unknown}
 z - 3 potions of degeneration {unknown}
 A - 3 potions of brilliance {unknown}
 G - 4 potions of lignification {unknown}
 I - a potion of ambrosia {unknown}
 K - a potion of mutation {unknown}
 Q - a potion of might {unknown}
 V - 4 potions of magic {unknown}


   Skills:
 + Level 7.0 Fighting
 - Level 10.0 Short Blades
 - Level 3.0 Throwing
 + Level 4.3 Armour
 + Level 6.1 Dodging
 - Level 7.0 Stealth
 + Level 5.1 Shields
 + Level 5.7 Invocations


You had 10 spell levels left.
You didn't know any spells.
Your spell library contained the following spells:

 Spells                   Type           Power      Damage    Failure   Level
 Foxfire                  Conj/Fire      0%         2x1d4     83%         1
 Kiss of Death            Conj/Necr      0%         2d5       83%         1
 Ensorcelled Hibernation  Hex/Ice        0%         N/A       92%         2
 Scorch                   Fire           0%         2d5       92%         2
 Call Canine Familiar     Summ           0%         N/A       99%         3
 Confusing Touch          Hex            0%         N/A       99%         3
 Portal Projectile        Hex/Tloc       0%         N/A       99%         3
 Anguish                  Hex/Necr       0%         N/A       100%        4
 Dispel Undead            Necr           0%         3d6       100%        4
 Flame Wave               Conj/Fire      0%         2d4       100%        4
 Leda's Liquefaction      Hex/Erth       0%         N/A       100%        4
 Passage of Golubria      Tloc           0%         N/A       100%        4
 Silence                  Hex/Air        0%         N/A       100%        5
 Plasma Beam              Fire/Air       0%         2x1d10    100%        6
 Starburst                Conj/Fire      0%         6d3       100%        6
 Summon Cactus Giant      Summ           0%         N/A       100%        6
 Lehudib's Crystal Spear  Conj/Erth      0%         10d2      100%        8


Dungeon Overview and Level Annotations

Branches:
Dungeon (11/15)            Temple (1/1) D:6             Orc (0/2) D:10
  IceCv (1/1)
   Lair: D:8-11

Altars:
Ashenzari
Cheibriados
Dithmenos
Elyvilon
Fedhas
Gozag
Hepliaklqana
Kikubaaqudgha
Makhleb
Nemelex Xobeh
Okawaru
Qazlal
Ru
Sif Muna
Trog
Uskayaw
Vehumet
Wu Jian
Xom
Yredelemnul
Zin
The Shining One

Shops:
D:4 :   D:5 (:*?   D:7 [

Annotations:
D:6 exclusion: downstairs IceCv exclusion: ice statue


Innate Abilities, Weirdness & Mutations

You have razor-sharp teeth.
Your natural rate of healing is unusually fast.
When hurt, damage is shared between your health and your magic reserves.
Your bite disrupts and absorbs the magic of your enemies.
Potions cannot restore your health.


Message History

You bite the freezing wraith. You drain its power.
The freezing wraith is severely damaged.
The freezing wraith hits you. The freezing wraith freezes you!
The freezing wraith closely misses you.
The necromancer mumbles some strange words.
The necromancer binds the souls of nearby monsters.
You hit the freezing wraith but do no damage.
Your bite misses the freezing wraith.
The freezing wraith is severely damaged.
You barely miss the freezing wraith. Your bite misses the freezing wraith.
The freezing wraith is severely damaged.
You hit the freezing wraith but do no damage.
Your bite misses the freezing wraith.
The freezing wraith is severely damaged.
The freezing wraith completely misses you.
The freezing wraith hits you but does no damage.
The necromancer gestures wildly while chanting.
The necromancer binds the souls of nearby monsters.
You hit the freezing wraith but do no damage.
Your bite misses the freezing wraith.
The freezing wraith is severely damaged.
You hit the freezing wraith but do no damage.
The freezing wraith is severely damaged.
The necromancer gestures at you while chanting.
The bolt of negative energy hits the ice devil.
The ice devil completely resists.
The bolt of negative energy misses the freezing wraith.
The bolt of negative energy misses you. You block the freezing wraith's attack.
The freezing wraith hits you.
You hit the freezing wraith.
The freezing wraith is almost destroyed.
You barely miss the freezing wraith.
You bite the freezing wraith, but do no damage.
The freezing wraith is almost destroyed.
The freezing wraith is no longer sharing its pain.
The ice devil is no longer sharing its pain.
The freezing wraith hits you but does no damage.
You block the freezing wraith's attack.
You hit the freezing wraith but do no damage.
You bite the freezing wraith! You drain its power.
You feel invigorated.
The freezing wraith is almost destroyed.
You completely miss the freezing wraith.
The freezing wraith is almost destroyed.
The freezing wraith completely misses you.
The freezing wraith hits you. The freezing wraith drains your vigour!
You feel yourself slow down.
You puncture the freezing wraith!
You destroy the freezing wraith!
Your Fighting skill increases to level 7!
An ice devil comes into view.
The necromancer gestures wildly while chanting.
The necromancer binds the souls of nearby monsters.
A cane toad simulacrum comes into view.
You closely miss the ice devil.
The ice devil is heavily wounded.
The ice devil misses you.
You barely miss the ice devil. Your bite misses the ice devil.
The ice devil is heavily wounded.
You hit the ice devil but do no damage. You bite the ice devil.
You drain its power.
You feel invigorated.
The ice devil is heavily wounded.
You block the ice devil's attack.
You miss the necromancer. You block the necromancer's attack.
The ice devil hits you but does no damage.
You miss the necromancer. You block the necromancer's attack.
You hit the necromancer. You bite the necromancer.
The necromancer's magic leaks into the air.
You drain its magic.
The necromancer is moderately wounded.
You block the necromancer's attack.
You closely miss the necromancer. You bite the necromancer!
The necromancer's magic leaks into the air.
You drain its magic.
The necromancer is moderately wounded.
The necromancer hits you but does no damage.
The ice devil hits you! The ice devil freezes you!
Blink to where?
Press: ? - help, Dir - move target
As you read the scroll of blinking, it crumbles to dust.
The sentinel's mark upon you fades away.
As you read the scroll of teleportation, it crumbles to dust.
You feel strangely unstable.
You puncture the ice devil! Your bite misses the ice devil.
The ice devil is lightly wounded.
You feel yourself speed up.
You hit the ice devil but do no damage.
The ice devil is lightly wounded.
The ice devil hits you! The ice devil freezes you!!
* * * LOW HITPOINT WARNING * * *
Aiming: Paralyse
Press: ? - help, Shift-Dir - straight line, f - white ugly thing
Aim: a white ugly thing (chance to affect: 31%)
The white ugly thing suddenly stops moving!
The now-empty wand crumbles to dust.
Your surroundings suddenly seem different.
You block the three-headed hydra simulacrum's attack. x2
The three-headed hydra simulacrum bites you.
* * * LOW HITPOINT WARNING * * *
The three-headed hydra simulacrum freezes you!
You die...

##...# ##......
##...## #....#
#.....## ○°°.#
##......# .°8.#
#8.Z...8# °Z°.#
#.......# ^...#
#...._..# #....#
#..Z....# ##.....
#####8Z@...8# #
#....###..#........#
#
##.###...#.......##
## ###..#....#.####
.## #..#Z..#### p.#
#..##.## .## ##..###
##### .# ######..##
##...## ## #.[#
##..# #.....#


You could see a wolf simulacrum, a three-headed hydra simulacrum and 2 elephant
simulacra.

Vanquished Creatures
  3 two-headed ogres (D:10)
  2 ugly things (IceCv)
  A gargoyle (D:11)
  A kobold demonologist (D:11)
  2 anaconda simulacra (IceCv)
  5 ice devils (IceCv)
  2 freezing wraiths (IceCv)
  Grinder (D:5)
  Sigmund (D:4)
  3 shadows
  3 wyverns
  A vampire (D:9)
  6 yaks (D:10)
  A dire elephant simulacrum (IceCv)
  A steam dragon (D:9)
  2 harpy simulacra (IceCv)
  Edmund (D:4)
  An acid dragon (D:11)
  A black bear (D:6)
  2 orc warriors
  2 ogres
  2 centaurs
  A bullfrog (D:8)
  2 gnoll sergeants
  2 two-headed ogre simulacra (IceCv)
  3 scorpions
  2 cane toad simulacra (IceCv)
  8 wights
  4 elephant simulacra (IceCv)
  6 killer bees (D:9)
  4 howler monkeys (D:7)
  An electric eel (D:10)
  5 hounds
  2 jellies
  Jessica (D:2)
  6 iguanas
  5 sleepcaps
  4 orc wizards
  A troll simulacrum (IceCv)
  A spriggan simulacrum (IceCv)
  5 polar bear simulacra (IceCv)
  3 wolf simulacra (IceCv)
  13 gnolls
  A naga simulacrum (IceCv)
  10 adders
  A shadow imp (D:6)
  A white imp (IceCv)
  An ufetubus (D:5)
  5 dart slugs
  19 orcs
  3 ball pythons
  3 endoplasms
  2 giant cockroaches (D:3)
  7 goblins
  5 hobgoblins
  4 jackals
  10 quokkas
  3 bats
  3 frilled lizards
  5 kobolds
  4 rats
210 creatures vanquished.

Notes
Turn   | Place    | Note
-------+----------+-------------------------------------------
     0 | D:1      | GloriousHammer the Vine Stalker Brigand began the quest for
                  | the Orb.
     0 | D:1      | Reached XP level 1. HP: 11/11 MP: 2/2
   112 | D:1      | Reached skill level 2 in Short Blades
   112 | D:1      | Reached skill level 1 in Dodging
   112 | D:1      | Reached skill level 5 in Stealth
   112 | D:1      | Reached XP level 2. HP: 14/15 MP: 3/3
   479 | D:1      | Reached XP level 3. HP: 18/18 MP: 4/4
  1242 | D:2      | Noticed Jessica
  1249 | D:2      | Killed Jessica
  1250 | D:2      | Reached skill level 1 in Armour
  1250 | D:2      | Gained mutation: Your natural rate of healing is unusually
                  | fast. [Vine Stalker growth]
  1250 | D:2      | Reached XP level 4. HP: 23/23 MP: 5/5
  2077 | D:3      | Identified the +3 sling "Judiah" {flame, Will- rCorr Str+9
                  | Dex+2}
  2515 | D:3      | Reached XP level 5. HP: 26/26 MP: 6/6
  2849 | D:4      | Found Ymmid's Book Shoppe.
  2919 | D:4      | Reached skill level 3 in Short Blades
  2921 | D:4      | Reached XP level 6. HP: 30/30 MP: 7/7
  3317 | D:4      | Noticed Edmund
  3329 | D:4      | Killed Edmund
  3501 | D:4      | Noticed Sigmund
  3708 | D:5      | Entered Level 5 of the Dungeon
  3708 | D:5      | Found Ycass's Assorted Antiques.
  3738 | D:4      | Reached XP level 7. HP: 35/35 MP: 8/8
  3846 | D:5      | Reached skill level 4 in Short Blades
  3859 | D:5      | Bought a scroll labelled ORILESCH JOBOOR for 23 gold pieces
  3859 | D:5      | Bought a scroll labelled OCKAJIECHU for 23 gold pieces
  3859 | D:5      | Bought a scroll labelled RYISICLAJYMP for 23 gold pieces
  3859 | D:5      | Bought a fuming coppery potion for 20 gold pieces
  3859 | D:5      | Bought a scroll labelled YGAUSU QOOMM for 23 gold pieces
  3859 | D:5      | Bought a silvery potion for 20 gold pieces
  3859 | D:5      | Bought a scroll labelled WAXEEDABL AXOK for 23 gold pieces
  3929 | D:5      | Found Giovosu's Book Shoppe.
  3977 | D:5      | Found Opil's Magic Scroll Boutique.
  3980 | D:5      | Bought a scroll of teleportation for 30 gold pieces
  4040 | D:5      | Found Koehyloiph's Weapon Shop.
  4445 | D:5      | Noticed Grinder
  4587 | D:5      | Killed Grinder
  4588 | D:5      | Reached skill level 5 in Short Blades
  4588 | D:5      | Gained mutation: You have razor-sharp teeth. [Vine Stalker
                  | growth]
  4588 | D:5      | Reached XP level 8. HP: 40/40 MP: 9/9
  4758 | D:5      | Found a sacrificial altar of Ru.
  5138 | D:5      | Bought a scroll of fear for 40 gold pieces
  5387 | D:6      | Reached skill level 6 in Short Blades
  5987 | D:6      | Found a staircase to the Ecumenical Temple.
  6220 | Temple   | Entered the Ecumenical Temple
  6235 | Temple   | Became a worshipper of Uskayaw the Reveller
  6384 | D:4      | Reached * piety under Uskayaw
  6386 | D:4      | Reached ** piety under Uskayaw
  6389 | D:4      | Killed Sigmund
  6390 | D:4      | Reached XP level 9. HP: 38/46 MP: 10/10
  6507 | D:7      | Reached skill level 1 in Invocations
  6510 | D:7      | Reached skill level 1 in Shields
  6544 | D:7      | Reached skill level 7 in Short Blades
  6545 | D:7      | Reached *** piety under Uskayaw
  6548 | D:7      | Reached **** piety under Uskayaw
  6581 | D:7      | Found Ozyr's Armour Boutique.
  6721 | D:7      | Reached ***** piety under Uskayaw
  6828 | D:7      | Found a glowing silver altar of Zin.
  7332 | D:8      | Reached skill level 5 in Fighting
  7553 | D:8      | Found a broken altar of Ashenzari.
  7924 | D:9      | Identified the ring "Egasoqil" {rF+ Will+ SInv}
  7977 | D:9      | Reached ****** piety under Uskayaw
  7985 | D:9      | Reached skill level 8 in Short Blades
  8080 | D:9      | Reached XP level 10. HP: 25/51 MP: 13/13
  8417 | D:9      | Found a shimmering blue altar of Sif Muna.
  8430 | D:9      | Found a radiant altar of Vehumet.
  8568 | D:10     | Entered Level 10 of the Dungeon
  8594 | D:10     | Found a staircase to the Orcish Mines.
  8598 | D:10     | Noticed a two-headed ogre
  8607 | D:10     | Killed a two-headed ogre
  8684 | D:10     | Noticed a two-headed ogre
  8703 | D:10     | Killed a two-headed ogre
  8704 | D:10     | Reached skill level 5 in Dodging
  8799 | D:10     | Noticed a two-headed ogre
  8812 | D:10     | Killed a two-headed ogre
  8813 | D:10     | Reached skill level 9 in Short Blades
  8849 | D:10     | Found a shimmering altar of Xom.
  8896 | D:10     | Found a stormy altar of Qazlal.
  8923 | D:10     | Upgraded the game from 0.31-a0-620-gd1cbd99268 to
                  | 0.31-a0-626-g8143ab4f1d
  8961 | D:10     | Reached XP level 11. HP: 44/56 MP: 11/15
  9024 | D:10     | Found a shadowy altar of Dithmenos.
  9244 | D:7      | Bought a +2 pair of boots of stealth for 258 gold pieces
  9442 | D:11     | Found a frozen archway.
  9458 | IceCv    | Entered an ice cave
  9969 | IceCv    | Reached skill level 5 in Invocations
 10104 | IceCv    | Noticed a white ugly thing
 10480 | IceCv    | Found an ancient bone altar of Kikubaaqudgha.
 10480 | IceCv    | Noticed a white ugly thing
 10613 | IceCv    | Reached skill level 10 in Short Blades
 10711 | IceCv    | Killed a white ugly thing
 10712 | IceCv    | Reached skill level 5 in Shields
 11171 | IceCv    | Noticed a white ugly thing
 11174 | IceCv    | Killed a white ugly thing
 11176 | IceCv    | Noticed a necromancer
 11201 | IceCv    | Mangled by a three-headed hydra simulacrum

Illustrated notes

Levels and vault maps discovered:
D:1:      tarquinn_simple_flora_water_f, layout_loops_ring
D:2:      minmay_door_path, layout_basic, serial_rivers,
          chequers_serial_rivers_small_b, chequers_serial_rivers_micro_b,
          chequers_serial_rivers_small_a, chequers_serial_rivers_large_a,
          uniq_jessica
D:3:      layout_basic
D:4:      wander_river, layout_cave_pools, serial_shops, nicolae_stop_n_shop_1,
          eino_small_chamber_without_monster, hangedman_abyss_or_decor_stagger,
          sigmund_edmund_badplayer
D:5:      minmay_general_purpose_star, layout_basic, nicolae_ru_awakened_eye,
          serial_shops, nicolae_shop_bloodbath_and_beyond, shop,
          nicolae_shop_dealshenge, shop, uniq_grinder
D:6:      layout_loops_corners, lemuel_temple_firewalk_b
D:7:      layout_cave_pools, zin_treasury, serial_shops, shop
D:8:      layout_basic, kennysheep_mini_moat
D:9:      layout_basic, mainiacjoe_overflow_catwalk_spiral
D:10:     layout_gridville, grunt_dithmenos_shadows, nicolae_overflow_squiral,
          orc_0_dummy
D:11:     layout_loops_ring, minmay_lair_entry_grove,
          portal_ice_cave_entry_pillars_2, dreamdust_mushroom_princess,
          kennysheep_nondescript, nicolae_sif_muna_little_library
Temple:   eino_narrow_crystal_temple
IceCv:    ice_cave_small_necro

Skill      XL: |  1  2  3  4  5  6  7  8  9 10 11 |
---------------+----------------------------------+-----
Fighting       | 2 3 4 5 6 7 |  7.0
Short Blades   | 2 3 5 6 8 9 10 | 10.0
Throwing       | 2 3 |  3.0
Dodging        | 1 2 3 4 5 6 |  6.1
Stealth        | 5 6 7 |  7.0
Armour         | 1 2 3 4 |  4.3
Invocations    | 3 4 5 |  5.7
Shields        | 2 4 5 |  5.1

Action                     |  1- 3 |  4- 6 |  7- 9 | 10-12 || total
---------------------------+-------+-------+-------+-------++-------
  Melee: Dagger            |    66 |   169 |   313 |   363 ||   911
         Bite              |    10 |    57 |   118 |   154 ||   339
         Punch             |       |     3 |     6 |     4 ||    13
   Fire: Sling             |       |    21 |    79 |    20 ||   120
  Throw: Dart              |     5 |     1 |    13 |     2 ||    21
  Evoke: Wand              |       |     2 |     3 |    19 ||    24
    Use: Scroll            |       |       |    14 |     4 ||    18
   Stab: Sleeping          |     5 |       |       |     1 ||     6
         Paralysed         |       |     2 |     4 |    17 ||    23
         Distracted        |       |       |       |     1 ||     1
 Armour: Robe              |     9 |       |       |       ||     9
         Chain mail        |     9 |    53 |    72 |    27 ||   161
         Acid dragon scale |       |       |       |    28 ||    28
  Dodge: Dodged            |    22 |    60 |   184 |    92 ||   358
  Block: Kite shield       |       |       |       |    75 ||    75

Table legend: (Time is in decaauts)
 A = Elapsed time spent in this place.
 B = Non-inter-level travel time spent in this place.
 C = Inter-level travel time spent in this place.
 D = Time resting spent in this place.
 E = Time spent auto-exploring this place.
 F = Levels seen in this place.
 G = Mean time per level.
                   A        B        C        D        E       F      G
               +--------+--------+--------+--------+--------+-----+--------+
         Total |  10842 |  10106 |    736 |   1529 |   6032 |  13 |  834.0 |
       Dungeon |   9163 |   8452 |    711 |    579 |   6014 |  11 |  833.0 |
        Temple |     30 |      5 |     25 |      0 |      0 |   1 |   30.0 |
      Ice Cave |   1648 |   1648 |      0 |    950 |     18 |   1 | 1648.0 |
               +--------+--------+--------+--------+--------+-----+--------+

Top non-repeatable levels by time:
   IceCv: 1648 daAuts
     D:5: 1380 daAuts
     D:6: 1103 daAuts
     D:4: 1040 daAuts
     D:2: 1021 daAuts
     D:1: 1008 daAuts
     D:3: 821 daAuts
     D:8: 788 daAuts
     D:9: 661 daAuts
     D:7: 624 daAuts
    D:10: 586 daAuts
    D:11: 126 daAuts
  Temple: 30 daAuts
